 Dungeon Crawl Stone Soup version 0.18.1-8-gdd0e5ea (webtiles) character file.

1947 Lul the Magician (level 8, -8/56 HPs)
             Began as a Mummy Ice Elementalist on May 30, 2016.
             Was an Initiate of Ashenzari.
             Mangled by blejac99's ghost (10 damage)
             ... on level 6 of the Dungeon on May 31, 2016.
             The game lasted 00:48:28 (8061 turns).

Lul the Magician (Mummy Ice Elementalist)           Turns: 8061, Time: 00:48:29

Health: -8/56      AC: 14    Str: 12    XL:     8   Next: 98%
Magic:  0/17       EV: 12    Int: 16    God:    Ashenzari [......]
Gold:   290        SH:  0    Dex: 12    Spells: 4 memorised, 9 levels left

rFire  x . .     SeeInvis .     s - +0 short sword (speed)
rCold  + + .     Gourm    .     h - +0 leather armour
rNeg   + + +     Faith    .     (no shield)
rPois  ∞         Spirit   .     g - +0 helmet
rElec  .         Dismiss  .     t - +0 cloak
rCorr  .         Reflect  .     c - +0 pair of gloves
SustAt .         Harm     +     j - +0 pair of boots
MR     +....                    f - amulet of harm (curse)
Stlth  ++........               (no ring)
                                e - ring of protection from cold (curse)

@: icy armour, very slightly contaminated, slow, somewhat resistant to hostile
enchantments, unstealthy
A: no food or potions, fire vulnerability, cold resistance 1, negative energy
resistance 3, torment resistance, unbreathing
a: Curse Item, Renounce Religion


You were on level 6 of the Dungeon.
You worshipped Ashenzari.
Ashenzari was noncommittal.
You were not hungry.

You visited 2 branches of the dungeon, and saw 7 of its levels.

You collected 290 gold pieces.

Inventory:

Hand Weapons
 m - a +2 war axe of electrocution
 s - a +0 short sword of speed (weapon)
Armour
 c - a +0 pair of gloves (worn)
 g - a +0 helmet (worn)
 h - a +0 leather armour (worn)
 j - a +0 pair of boots (worn)
 t - a +0 cloak (worn)
Magical Staves
 a - an uncursed staff of death
Jewellery
 e - a cursed ring of protection from cold (left hand)
 f - a cursed amulet of harm (around neck)
 l - an uncursed ring of teleportation
Wands
 k - a wand of random effects (22/48)
 o - a wand of slowing (28/48)
 q - a wand of disintegration (0/24)
 r - a wand of teleportation (4/9)
Scrolls
 d - 4 scrolls of identify
 i - 6 scrolls of teleportation
 n - 2 scrolls of remove curse
Books
 b - a book of Frost

   Spells                             Type                      Level
   a - Freeze                         Ice                          1
   b - Throw Frost                    Conjuration/Ice              2
   c - Ozocubu's Armour               Charms/Ice                   3
   d - Throw Icicle                   Conjuration/Ice              4
   e - Summon Ice Beast               Ice/Summoning                4
 p - a book of Unlife

   Spells                             Type                      Level
   a - Recall                         Summoning/Translocation      3
   b - Animate Dead                   Necromancy                   4
   c - Control Undead                 Necromancy                   4
   d - Cigotuvi's Embrace             Necromancy                   5
   e - Death Channel                  Necromancy                   6
   f - Simulacrum                     Ice/Necromancy               6


   Skills:
 + Level 2.0 Fighting
 + Level 0.7 Short Blades
 + Level 2.3 Armour
 + Level 3.5 Dodging
 + Level 2.6 Stealth
 + Level 6.3 Spellcasting
 + Level 2.3 Conjurations
 + Level 0.8 Charms
 + Level 5.9 Ice Magic


You had 9 spell levels left.
You knew the following spells:

 Your Spells              Type           Power        Failure   Level  Hunger
a - Freeze                Ice            ###.         1%          1    N/A
b - Throw Frost           Conj/Ice       ###...       6%          2    N/A
c - Ozocubu's Armour      Chrm/Ice       ###.....     14%         3    N/A
d - Throw Icicle          Conj/Ice       ###.....     34%         4    N/A

Dungeon Overview and Level Annotations

Branches:
Dungeon (6/15)             Temple (1/1) D:6

Altars:
Ashenzari
Cheibriados
Dithmenos
Elyvilon
Fedhas
Gozag
Kikubaaqudgha
Makhleb
Nemelex Xobeh
Okawaru
Pakellas
Qazlal
Ru
Sif Muna
Trog
Vehumet
Xom
Yredelemnul
Zin
The Shining One

Shops:
D:4 ?

Annotations:
D:6 blejac99's ghost, novice DsAK


Innate Abilities, Weirdness & Mutations

You do not eat or drink.
Your flesh is vulnerable to fire.
You are immune to poison.
Your flesh is cold resistant.
You are immune to negative energy.
You are immune to unholy pain and torment.
You can survive without breathing.


Message History

You freeze blejac99's ghost.
Blejac99's ghost is almost destroyed.
Blejac99's ghost closely misses you.
You hit blejac99's ghost but do no damage.
Blejac99's ghost is almost destroyed.
You barely miss blejac99's ghost.
Blejac99's ghost is almost destroyed.
Blejac99's ghost misses you.
Casting: Freeze
Confirm with . or Enter, or press ? or * to list all spells.
Aiming: Freeze
Press: ? - help, Shift-Dir - straight line, f/p - blejac99's ghost
Aim: blejac99's ghost, wielding a weapon of flaming (almost destroyed)
You freeze blejac99's ghost.
Blejac99's ghost is almost destroyed.
Blejac99's ghost hits you but does no damage.
You hit blejac99's ghost but do no damage.
Blejac99's ghost is almost destroyed.
Blejac99's ghost hits you!
You die...

.........####.#.#
##............#.#
#..%............#
.............#..##
.................#
..####'#.####....#
.# ######
##.>.###### . §§§
#........# §§§§
###@####.# .#
§§§§§#..W# # .#
§§§§§#...####.##.
.#
######...(.......
.# #_......(.....#
.# ######.(#######
.# §§§§§#(.(.<...#
.# §§§§§#...#..#.#
.# §§ #...#..#.#


You could see blejac99's ghost.

Vanquished Creatures
  An ice beast (D:5)
  An orc warrior (D:6)
  2 sky beasts (D:6)
  2 ogres
  2 centaurs (D:6)
  A giant frog (D:6)
  3 scorpions (D:5)
  A crimson imp (D:5)
  2 centaur zombies (D:6)
  2 hounds
  2 jellies (D:6)
  3 orc wizards
  4 orc priests
  4 worker ants
  A killer bee zombie (D:6)
  A hound skeleton (D:4)
  8 adders
  2 shadow imps (D:6)
  An ooze (D:4)
  An adder skeleton (D:4)
  A worm (D:2)
  3 dart slugs
  4 giant geckos
  30 orcs
  4 giant cockroaches
  8 goblins
  5 hobgoblins
  5 jackals
  10 kobolds
  4 quokkas
  4 ball pythons
  6 bats
  A giant gecko zombie (D:5)
  4 giant newts
  8 rats
141 creatures vanquished.

Notes
Turn   | Place    | Note
--------------------------------------------------------------
     0 | D:1      | Lul the Mummy Ice Elementalist began the quest for the Orb.
     0 | D:1      | Reached XP level 1. HP: 13/13 MP: 3/3
   237 | D:1      | Reached XP level 2. HP: 19/19 MP: 5/5
   585 | D:1      | Learned a level 2 spell: Throw Frost
   839 | D:2      | Reached XP level 3. HP: 23/24 MP: 2/6
  1110 | D:2      | Found a sparkling altar of Nemelex Xobeh.
  1445 | D:2      | Reached XP level 4. HP: 16/30 MP: 2/8
  2423 | D:3      | Reached skill level 3 in Spellcasting
  2539 | D:3      | Found a blossoming altar of Fedhas.
  2551 | D:3      | Found a glowing golden altar of the Shining One.
  2557 | D:3      | Found a shimmering altar of Xom.
  2558 | D:3      | Found a snail-covered altar of Cheibriados.
  2558 | D:3      | Found an iron altar of Okawaru.
  2800 | D:4      | Reached XP level 5. HP: 24/36 MP: 7/9
  3022 | D:4      | Found a shadowy altar of Dithmenos.
  3571 | D:4      | Reached skill level 1 in Armour
  3571 | D:4      | Reached skill level 1 in Conjurations
  3670 | D:4      | Reached XP level 6. HP: 23/42 MP: 3/11
  3821 | D:4      | Found Afeech's Magic Scroll Boutique.
  3972 | D:4      | HP: 1/42 [ogre/giant club (26)]
  3975 | D:4      | Reached skill level 4 in Spellcasting
  4563 | D:5      | Entered Level 5 of the Dungeon
  4889 | D:5      | Reached XP level 7. HP: 47/47 MP: 4/14
  5074 | D:5      | Reached skill level 5 in Spellcasting
  5309 | D:5      | Learned a level 3 spell: Ozocubu's Armour
  5447 | D:5      | Found an oddly glowing altar of Pakellas.
  5672 | D:5      | Reached skill level 1 in Fighting
  5808 | D:6      | Found a stormy altar of Qazlal.
  6187 | D:6      | Found a staircase to the Ecumenical Temple.
  6187 | D:6      | Noticed blejac99's ghost (novice DsAK)
  6437 | Temple   | Entered the Ecumenical Temple
  6605 | Temple   | Became a worshipper of Ashenzari the Shackled
  6643 | D:6      | Reached skill level 5 in Ice Magic
  6659 | D:5      | Reached XP level 8. HP: 44/54 MP: 1/16
  7363 | D:6      | Learned a level 4 spell: Throw Icicle
  7368 | D:6      | Found a sacrificial altar of Ru.
  7369 | D:6      | Found an ancient bone altar of Kikubaaqudgha.
  7400 | D:6      | Reached skill level 6 in Spellcasting
  8055 | D:6      | HP: 1/56 [blejac99's ghost (3)]
  8061 | D:6      | Mangled by blejac99's ghost

Skill      XL: |  1  2  3  4  5  6  7  8 |
---------------+-------------------------+-----
Stealth        | 2 |  2.6
Ice Magic      | 3 4 5 |  5.9
Dodging        | 2 3 |  3.5
Spellcasting   | 3 4 5 6 |  6.3
Armour         | 1 2 |  2.3
Conjurations   | 1 2 |  2.3
Fighting       | 1 2 |  2.0
Short Blades   | |  0.7
Charms         | |  0.8

Action                   |  1- 3 |  4- 6 |  7- 9 || total
-------------------------+-------+-------+-------++-------
Melee: Unarmed           |     5 |       |       ||     5
       Hand axe          |    30 |    18 |       ||    48
       Dagger            |       |     3 |       ||     3
       War axe           |       |     5 |    26 ||    31
       Short sword       |       |       |    78 ||    78
 Cast: Freeze            |    54 |    86 |    77 ||   217
       Throw Frost       |       |    24 |    48 ||    72
       Ozocubu's Armour  |       |       |    10 ||    10
Invok: Curse Item        |       |       |     2 ||     2
Evoke: Wand              |       |       |     1 ||     1
  Use: Scroll            |     3 |     2 |     4 ||     9
 Stab: Sleeping          |     5 |     5 |       ||    10
       Distracted        |     1 |       |       ||     1
Armor: Robe              |     5 |       |       ||     5
       Leather armour    |    16 |    22 |    52 ||    90
Dodge: Dodged            |    57 |    62 |    96 ||   215
